 Dungeon Sprint DCSS version 0.31-a0-460-g9e667d4245 (webtiles) character file.

Game seed: 10479618451481636121

2114 rocky1 the Martial Artist (level 9, -8/68 HPs)
             Began as an Octopode Shapeshifter on Aug 5, 2023.
             Was an Initiate of Gozag.
             Mangled by a centaur warrior (10 damage)
             ... in the Dungeon (Sprint IX: "|||||||||||||||||||||||||||||").
             The game lasted 00:01:27 (885 turns).

rocky1 the Martial Artist (Octopode Shapeshifter)    Turns: 885, Time: 00:01:29

Health: -8/68      AC:  1    Str: 14    XL:     9   Next: 29%
Magic:  9/9        EV: 18    Int: 12    God:    Gozag
Gold:   666        SH:  0    Dex: 15    Spells: 8/8 levels left

rFire   . .          .
                       - Unarmed
rCold   . . .        (no shield)
rNeg    . . .        (helmet currently unavailable)
rPois   .            (no amulet)
rElec   .            (no ring)
rCorr   .            (no ring)
SInv    .            (no ring)
Will    .....        (no ring)
Stlth   ++++         (no ring)
HPRegen 0.31/turn    (no ring)
MPRegen 0.11/turn    (no ring)
                     (no ring)

%: no teleportation
@: beast-form, gold aura, invisible
A: beast (slay +5), almost no armour, amphibious, 8 rings, camouflage 1,
gelatinous body 1, (nimble swimmer 1), tentacles
a: Begin Untransformation, Renounce Religion, Potion Petition, Call Merchant,
Bribe Branch


You were in the Dungeon.
You worshipped Gozag.
Gozag was pleased with you.
You were a hulking beast.
You visited 1 branch You collected 666 gold pieces.

Inventory:

Jewellery
 k - a +3 ring of dexterity
 l - a +3 ring of dexterity
Talismans
 b - a beast talisman (active)
Wands
 j - a wand of iceblast (10)
Scrolls
 h - 2 scrolls of blinking
 i - 2 scrolls of amnesia
Potions
 a - a potion of lignification
 c - 5 potions of curing
 f - 4 potions of magic


   Skills:
 + Level 9.2 Fighting
 + Level 9.4 Dodging
 + Level 5.7 Stealth
 * Level 13.1 Unarmed Combat
 + Level 8.2 Shapeshifting


You had 8 spell levels left.
You didn't know any spells.
Your spell library was empty.

Dungeon Overview and Level Annotations

Branches:
Dungeon (1/1)

Altars:
Cheibriados
Dithmenos
Elyvilon
Fedhas
Gozag
Hepliaklqana
Kikubaaqudgha
Makhleb
Nemelex Xobeh
Okawaru
Qazlal
Ru
Sif Muna
Trog
Uskayaw
Vehumet
Wu Jian
Xom
Yredelemnul
Zin
The Shining One
Jiyva
Lugonu


Innate Abilities, Weirdness & Mutations

You are a hulking beast.
Your limbs bulge with bestial killing power. (Slay +5)
You cannot wear most types of armour.
You are amphibious.
You can wear up to eight rings at the same time.
Your skin changes colour to match your surroundings (Stealth+).
Your rubbery body absorbs attacks. (AC +1, EV +1)
((You are camouflaged when in or above water. (Stealth+)))
You have tentacles for arms and can constrict up to eight enemies at once.


Message History

You tentacle-slap the boulder beetle but do no damage.
You squeeze the boulder beetle.
The boulder beetle is almost dead.
You completely miss the boulder beetle. You squeeze the boulder beetle.
The boulder beetle is almost dead.
You tentacle-slap the boulder beetle but do no damage.
You squeeze the boulder beetle.
The boulder beetle is almost dead.
You tentacle-slap the boulder beetle but do no damage.
You tentacle-slap the boulder beetle, but do no damage.
The boulder beetle is almost dead.
The centaur warrior shoots an arrow.
The arrow hits the boulder beetle.
The boulder beetle dies!
The centaur warrior shoots an arrow.
The arrow hits you!
Your Fighting skill increases to level 9!
Your Stealth skill increases to level 5!
Your Unarmed Combat skill increases to level 13!
Unknown command.
The centaur warrior shoots an arrow.
The arrow hits you!!
* * * LOW HITPOINT WARNING * * *
The cyclops throws a large rock.
The large rock hits the efreet!!
You see here 171 gold pieces.
You tentacle-slap the centaur warrior. x2
The centaur warrior is lightly wounded.
The centaur warrior unwields a +0 shortbow.
The centaur warrior hits you!
* * * LOW HITPOINT WARNING * * *
The centaur warrior kicks you.
* * * LOW HITPOINT WARNING * * *
You catch the helpless centaur warrior completely off-guard!
You bludgeon the centaur warrior!
The centaur warrior is moderately wounded.
The centaur warrior is distracted by your dazzling golden aura.
The centaur warrior shouts!
You bludgeon the centaur warrior!
The centaur warrior is no longer distracted by gold.
The centaur warrior is heavily wounded.
The centaur warrior hits you!
You die...
Your body crumbles into a pile of gold. ▓▓▓▓▓▓▓▓▓▓▓▓▓▓▓▓▓▓▓▓▓ +CRch$$'...)).'..[[[. ▓▓▓▓▓▓▓▓▓▓▓▓▓▓▓▓▓▓▓▓▓ $ $$ $$$$$ $ $ $ $

You could see a centaur warrior (unable to see you), a cyclops (unable to see you) and an efreet (wandering, unable to see you).

Vanquished Creatures
  A centaur warrior (D)
  An unseen horror (D)
  A kobold demonologist (D)
  A culicivora (shapeshifter) (D)
  3 yaks (D)
  A centaur (D)
  2 hounds (D)
  3 orcs (D)
  2 endoplasms (D)
  A goblin (D)
  A quokka (D)
  A frilled lizard (D)
18 creatures vanquished.

Vanquished Creatures (others)
  A boulder beetle (D)
1 creature vanquished.

Grand Total: 19 creatures vanquished

Notes
Turn   | Place    | Note
-------+----------+-------------------------------------------
     0 | D        | rocky1 the Octopode Shapeshifter began the quest for the
                  | Orb.
     0 | D        | Reached XP level 1. HP: 13/13 MP: 1/1
    20 | D        | Noticed a hound
    20 | D        | Noticed a hound
    31 | D        | Reached XP level 2. HP: 19/19 MP: 2/2
    32 | D        | Reached skill level 5 in Unarmed Combat
    32 | D        | Reached XP level 3. HP: 25/25 MP: 3/3
    35 | D        | Reached XP level 4. HP: 31/31 MP: 4/4
   364 | D        | Found a snail-covered altar of Cheibriados.
   364 | D        | Found a shadowy altar of Dithmenos.
   364 | D        | Found a white marble altar of Elyvilon.
   364 | D        | Found a blossoming altar of Fedhas.
   364 | D        | Found an opulent altar of Gozag.
   365 | D        | Found a hazy altar of Hepliaklqana.
   366 | D        | Found a viscous altar of Jiyva.
   367 | D        | Found an ancient bone altar of Kikubaaqudgha.
   368 | D        | Found a corrupted altar of Lugonu.
   371 | D        | Found a burning altar of Makhleb.
   372 | D        | Found a sparkling altar of Nemelex Xobeh.
   373 | D        | Found an iron altar of Okawaru.
   374 | D        | Became a worshipper of Gozag Ym Sagoz the Greedy
   375 | D        | Found a stormy altar of Qazlal.
   376 | D        | Found a sacrificial altar of Ru.
   377 | D        | Found a shimmering blue altar of Sif Muna.
   378 | D        | Found a bloodstained altar of Trog.
   379 | D        | Found a hide-covered altar of Uskayaw.
   380 | D        | Found a radiant altar of Vehumet.
   381 | D        | Found an ornate altar of the Wu Jian Council.
   382 | D        | Found a shimmering altar of Xom.
   383 | D        | Found a basalt altar of Yredelemnul.
   384 | D        | Found a glowing silver altar of Zin.
   385 | D        | Found a glowing golden altar of the Shining One.
   409 | D        | Noticed a kobold demonologist
   409 | D        | Noticed a yak
   409 | D        | Noticed a yak
   409 | D        | Noticed a centaur
   409 | D        | Noticed a yak
   416 | D        | Killed a yak
   417 | D        | Reached skill level 5 in Fighting
   417 | D        | Reached skill level 5 in Dodging
   417 | D        | Reached skill level 8 in Unarmed Combat
   417 | D        | Reached skill level 5 in Shapeshifting
   417 | D        | Reached XP level 5. HP: 32/39 MP: 5/5
   421 | D        | Killed a centaur
   422 | D        | Reached XP level 6. HP: 33/46 MP: 6/6
   426 | D        | Killed a yak
   427 | D        | Reached skill level 9 in Unarmed Combat
   427 | D        | Reached XP level 7. HP: 34/53 MP: 7/7
   431 | D        | Killed a yak
   432 | D        | Reached skill level 10 in Unarmed Combat
   437 | D        | Killed an unseen horror
   438 | D        | Reached skill level 11 in Unarmed Combat
   438 | D        | Reached XP level 8. HP: 15/61 MP: 8/8
   443 | D        | Killed a kobold demonologist
   855 | D        | Noticed a cyclops
   855 | D        | Noticed an efreet
   855 | D        | Noticed a centaur warrior
   855 | D        | Noticed a culicivora
   855 | D        | Noticed a boulder beetle
   855 | D        | Noticed a centaur warrior
   863 | D        | Killed a centaur warrior
   864 | D        | Reached skill level 12 in Unarmed Combat
   864 | D        | Reached XP level 9. HP: 20/67 MP: 9/9
   881 | D        | Killed a boulder beetle
   882 | D        | Reached skill level 5 in Stealth
   882 | D        | Reached skill level 13 in Unarmed Combat
   883 | D        | HP: 1/68 [centaur warrior (3)]
   885 | D        | Mangled by a centaur warrior

Illustrated notes

Levels and vault maps discovered:
D:        linesprint [early_d, line_temple, items_1, d_10, items_2, lair_1,
          lair_end, items_3, orc_1, orc_end, items_4, d_15, swamp_1, shoals_1,
          snake_1, spider_1, d_20, vaults_1, items_5, swamp_end, shoals_end,
          snake_end, spider_end, vaults_end, d_27, items_6, zot_1, zot_end,
          crypt_end, forest_end, elf_end, slime_end, tomb_end, abyss_end,
          pan_hell_end]

Skill      XL: |  1  2  3  4  5  6  7  8  9 |
---------------+----------------------------+-----
Fighting       | 2 3 5 6 7 8 9 |  9.2
Dodging        | 3 5 6 7 9 |  9.4
Unarmed Combat | 5 8 9 11 12 13 | 13.1
Shapeshifting  | 4 5 6 7 8 |  8.2
Stealth        | 4 5 |  5.7

Action                     |  1- 3 |  4- 6 |  7- 9 || total
---------------------------+-------+-------+-------++-------
  Melee: Unarmed           |    18 |    17 |    40 ||    75
         Constrict         |     4 |     1 |     2 ||     7
         Tentacles         |     3 |     8 |    13 ||    24
         Punch             |     1 |     1 |     4 ||     6
    Use: Potion            |     2 |     1 |     3 ||     6
   Stab: Sleeping          |     3 |       |       ||     3
         Invisible         |       |       |     8 ||     8
 Armour: Skin              |     1 |     1 |       ||     2
  Dodge: Dodged            |     9 |     9 |    19 ||    37

Table legend: (Time is in decaauts)
 A = Elapsed time spent in this place.
 B = Non-inter-level travel time spent in this place.
 C = Inter-level travel time spent in this place.
 D = Time resting spent in this place.
 E = Time spent auto-exploring this place.
 F = Levels seen in this place.
 G = Mean time per level.
                   A        B        C        D        E       F      G
               +--------+--------+--------+--------+--------+-----+--------+
         Total |    864 |    864 |      0 |    728 |      0 |   1 |  864.0 |
       Dungeon |    864 |    864 |      0 |    728 |      0 |   1 |  864.0 |
               +--------+--------+--------+--------+--------+-----+--------+

Top non-repeatable levels by time:
       D: 864 daAuts
